 Dungeon Crawl Stone Soup version 0.20-a0-370-gd6af2a4 (webtiles) character file.

4006 tboon the Cleaver (level 10, -6/90 HPs)
             Began as a Minotaur Berserker on Dec 27, 2016.
             Was a Priest of Trog.
             Mangled by a two-headed ogre
             ... wielding a +0 giant club
              (12 damage)
             ... on level 8 of the Dungeon.
             The game lasted 00:20:12 (6702 turns).

tboon the Cleaver (Minotaur Berserker)              Turns: 6702, Time: 00:20:12

Health: -6/90      AC: 14    Str: 23    XL:     10   Next: 3%
Magic:  9/9        EV: 10    Int:  5    God:    Trog [***...]
Gold:   374        SH:  0    Dex: 11    Spells: 9/9 levels left

rFire  . . .     SeeInvis .     u - +0 war axe (curse)
rCold  . . .     Gourm    .     d - +1 plate armour
rNeg   . . .     Faith    .     (no shield)
rPois  .         Spirit   .     (helmet restricted)
rElec  .         Reflect  .     (no cloak)
rCorr  .         Harm     .     (no gloves)
MR     .....                    (no boots)
Stlth  ..........               (no amulet)
                                (no ring)
                                (no ring)

@: exhausted
A: retaliatory headbutt, horns 2
a: Berserk, Trog's Hand, Burn Spellbooks, Renounce Religion


You were on level 8 of the Dungeon.
You worshipped Trog.
Trog was most pleased with you.
You were not hungry.

You visited 1 branch of the dungeon, and saw 8 of its levels.

You collected 374 gold pieces.

Inventory:

Hand Weapons
 a - a +1 hand axe
 h - a +2 dire flail of crushing
   (You took it off Edmund on level 6 of the Dungeon)
 u - a cursed +0 war axe (weapon)
   (You found it on level 8 of the Dungeon)
Armour
 d - a +1 plate armour (worn)
   (You took it off an orc on level 3 of the Dungeon)
Magical Staves
 n - an uncursed staff of summoning {unknown}
   (You found it on level 6 of the Dungeon)
Jewellery
 i - an uncursed ring of fire {rF+, rC-}
   (You found it on level 6 of the Dungeon)
 l - an uncursed ring of wizardry {unknown}
   (You found it on level 8 of the Dungeon)
Wands
 q - a wand of iceblast (7/15)
   (You found it on level 7 of the Dungeon)
 v - a wand of random effects (15/48)
   (You found it on level 8 of the Dungeon)
Scrolls
 b - a scroll of recharging
 o - a scroll of enchant armour
 t - 2 scrolls of remove curse
Potions
 e - 2 potions of haste
 f - a potion of might {unknown}
 g - a potion of flight
 k - a potion of lignification {unknown}
 m - 4 potions of agility {unknown}
 p - a potion of cancellation {unknown}
 r - a potion of heal wounds {unknown}
Comestibles
 c - 2 bread rations
 s - 2 chunks of flesh


   Skills:
 + Level 8.5 Fighting
 * Level 11.4 Axes
 + Level 8.1 Armour
 + Level 7.4 Dodging


You had 9 spell levels left.
You didn't know any spells.

Dungeon Overview and Level Annotations

Branches:
Dungeon (8/15)             Temple (0/1) D:7
   Lair: D:8-11

Altars:
Uskayaw


Innate Abilities, Weirdness & Mutations

You reflexively headbutt those who attack you in melee.
You have a pair of horns on your head.


Message History

All of the chunks of flesh in your inventory have rotted away.
m - 4 sapphire potions (gained 1)
The worker ant twitches its antennae in your direction.
The worker ant bites you.
You closely miss the worker ant. The worker ant closely misses you.
You hit the worker ant. Your headbutt misses the worker ant.
The worker ant is lightly wounded.
The worker ant bites you but does no damage.
You closely miss the worker ant. You headbutt the worker ant!
The worker ant is heavily wounded.
The worker ant bites you but does no damage. x2
You slash the worker ant!
You headbutt the worker ant, but do no damage.
The worker ant is almost dead.
The worker ant bites you but does no damage.
You closely miss the worker ant. Your headbutt misses the worker ant.
The worker ant is almost dead.
The worker ant bites you but does no damage.
You slice the worker ant!!
You kill the worker ant!
Trog accepts your kill.
You butcher the worker ant corpse.
s - 2 chunks of flesh You found a shaft!
There is a shaft here.
You see here a flail.
You can no longer call in reinforcements.
The two-headed ogre is too close now for your liking.
A red film seems to cover your vision as you go berserk!
You feel yourself moving faster!
You feel mighty!
You feel quite a bit more hungry.
You slash the two-headed ogre! You headbutt the two-headed ogre!
The two-headed ogre is moderately wounded.
You hit the two-headed ogre. You headbutt the two-headed ogre!
The two-headed ogre is severely wounded.
The two-headed ogre barely misses you. You furiously retaliate!
You headbutt the two-headed ogre!
The two-headed ogre hits you with a giant club!
You slash the two-headed ogre!
The two-headed ogre is almost dead.
You slice the two-headed ogre!!
You kill the two-headed ogre!
Trog accepts your kill.
Your Armour skill increases to level 8!
You have reached level 10!
A two-headed ogre comes into view.
It is wielding a giant club and a giant spiked club.
The two-headed ogre shouts in stereo!
Things that are here:
a giant spiked club; a giant club; a two-headed ogre corpse You feel a strong urge to attack something.
You feel your anger subside.
You are no longer berserk.
Trog's vigour flows through your veins.
You are exhausted.
You feel yourself slow down.
You see here a club.
The two-headed ogre hits you with a giant club!
The two-headed ogre hits you with a giant spiked club!!
There is a stone staircase leading up here.
You hit the two-headed ogre.
The two-headed ogre is lightly wounded.
You feel yourself speed up.
The two-headed ogre hits you with a giant club!
The two-headed ogre hits you but does no damage.
Your plate armour prevents you from hitting the two-headed ogre.
The two-headed ogre is lightly wounded.
The two-headed ogre hits you with a giant club!
The two-headed ogre hits you with a giant spiked club!
* * * LOW HITPOINT WARNING * * *
An adder comes into view.
Okay, then.
You feel better.
The adder hisses angrily.
The two-headed ogre hits you but does no damage.
The two-headed ogre hits you with a giant spiked club!
* * * LOW HITPOINT WARNING * * *
Evoke which item? (* to show all) (? for menu, Esc to quit)
Okay, then.
Evoke which item? (* to show all) (? for menu, Esc to quit)
Zapping:
v - a wand of random effects (?/48) (will waste charges)
Press: ? - help, Shift-Dir - straight line, f - two-headed ogre
Aim: a two-headed ogre, wielding a giant club and a giant spiked club The bolt of negative energy hits the two-headed ogre.
The two-headed ogre is drained!
The two-headed ogre is moderately wounded.
Evoking this partially-identified wand wasted a few charges.
The two-headed ogre hits you with a giant club!
* * * LOW HITPOINT WARNING * * *
The two-headed ogre closely misses you.
Okay, then.
You hit the two-headed ogre but do no damage.
Your headbutt misses the two-headed ogre.
The two-headed ogre is moderately wounded.
You slash the two-headed ogre!
You headbutt the two-headed ogre, but do no damage.
The two-headed ogre is heavily wounded.
The two-headed ogre hits you but does no damage. x2
You slash the two-headed ogre!
The two-headed ogre is severely wounded.
The two-headed ogre hits you with a giant club!
You die...

....#.. ##.>...........
.......## ##.##.......##
#....)###.##........#
#.##.#.#.###..#.....#
#......O## #..#.....#
####.#### #..#.....#
#.#######........#
######.##..........(.##
......S@O).).........###
#####.###)#.............
#.......#..##.######
#.##.......##.#
#.##..#.##.##.#
#.##.......##.#
#........####.##
#.#####..# #..#
#........# ###.###


You could see a two-headed ogre and an adder.

Vanquished Creatures
  2 two-headed ogres (D:8)
  The ghost of Owly the Blocker, a novice NaFi of Cheibriados (D:8)
  Eustachio (D:4)
  A wraith (D:8)
  A hungry ghost (D:6)
  Edmund (D:6)
  2 orc warriors (D:6)
  A phantom (D:6)
  2 ogres
  A scorpion (D:7)
  A howler monkey (D:4)
  3 crimson imps
  A bullfrog zombie (D:8)
  3 hounds
  6 orc priests
  3 jellies
  3 iguanas
  5 worker ants
  3 orc wizards
  A hound skeleton (D:4)
  6 gnolls
  4 adders
  2 shadow imps
  An ooze (D:4)
  An adder skeleton (D:5)
  3 worms
  2 dart slugs
  9 leopard geckos
  30 orcs
  2 ball pythons
  6 bats
  6 giant cockroaches
  2 goblins
  5 hobgoblins
  8 jackals
  5 quokkas
  4 frilled lizards
  6 kobolds
  4 rats
148 creatures vanquished.

Notes
Turn   | Place    | Note
-------+----------+-------------------------------------------
     0 | D:1      | tboon the Minotaur Berserker began the quest for the Orb.
     0 | D:1      | Reached XP level 1. HP: 19/19 MP: 0/0
   188 | D:1      | Reached XP level 2. HP: 27/27 MP: 1/1
   247 | D:1      | Reached skill level 4 in Axes
   689 | D:2      | HP: 6/27 [worm (4)]
   698 | D:2      | HP: 9/40 [bat (1)]
   703 | D:2      | HP: 9/40 [bat (1)]
   710 | D:2      | HP: 5/27 [bat (1)]
   720 | D:2      | HP: 5/27 [jackal (1)]
   994 | D:2      | Reached XP level 3. HP: 33/33 MP: 2/2
  1168 | D:2      | Reached skill level 4 in Fighting
  1224 | D:2      | Reached skill level 3 in Armour
  1659 | D:3      | Reached ** piety under Trog
  1659 | D:3      | Reached skill level 3 in Dodging
  1659 | D:3      | Reached XP level 4. HP: 19/40 MP: 3/3
  2184 | D:3      | Reached skill level 5 in Axes
  2469 | D:4      | Reached XP level 5. HP: 47/47 MP: 4/4
  2477 | D:4      | Noticed Eustachio
  2519 | D:4      | Killed Eustachio
  2519 | D:4      | Reached skill level 5 in Fighting
  2519 | D:4      | Reached skill level 6 in Axes
  2519 | D:4      | Reached skill level 4 in Armour
  2519 | D:4      | Reached XP level 6. HP: 27/56 MP: 5/5
  2800 | D:4      | Reached skill level 4 in Dodging
  3163 | D:4      | Reached XP level 7. HP: 34/61 MP: 6/6
  3516 | D:4      | Reached skill level 7 in Axes
  3553 | D:4      | Reached *** piety under Trog
  3600 | D:4      | Reached skill level 5 in Armour
  3729 | D:5      | Entered Level 5 of the Dungeon
  4432 | D:6      | Reached skill level 5 in Dodging
  4432 | D:6      | Reached XP level 8. HP: 34/70 MP: 7/7
  4624 | D:6      | Reached skill level 8 in Axes
  4645 | D:6      | Noticed Edmund
  4659 | D:6      | Killed Edmund
  4659 | D:6      | Reached skill level 6 in Fighting
  4834 | D:6      | HP: 10/71 [orc priest/divine providence (10)]
  4836 | D:6      | Reached skill level 6 in Armour
  4840 | D:6      | Reached skill level 9 in Axes
  4842 | D:6      | HP: 13/106 [orc (3)]
  5799 | D:7      | Reached skill level 7 in Fighting
  5854 | D:7      | Found a staircase to the Ecumenical Temple.
  5912 | D:7      | Reached skill level 6 in Dodging
  6003 | D:8      | Noticed a two-headed ogre
  6009 | D:8      | Reached **** piety under Trog
  6011 | D:8      | Noticed Owly's ghost (novice NaFi)
  6235 | D:8      | Reached XP level 9. HP: 64/79 MP: 8/8
  6306 | D:8      | Killed Owly's ghost
  6306 | D:8      | Reached skill level 10 in Axes
  6306 | D:8      | Reached skill level 7 in Armour
  6450 | D:8      | Noticed a two-headed ogre
  6459 | D:8      | Killed a two-headed ogre
  6459 | D:8      | Reached skill level 8 in Fighting
  6459 | D:8      | Reached skill level 11 in Axes
  6459 | D:8      | Reached skill level 7 in Dodging
  6527 | D:8      | Found a hide-covered altar of Uskayaw.
  6674 | D:8      | Killed a two-headed ogre
  6674 | D:8      | Reached skill level 8 in Armour
  6674 | D:8      | Reached XP level 10. HP: 90/90 MP: 9/9
  6675 | D:8      | Noticed a two-headed ogre
  6697 | D:8      | HP: 19/90 [two-headed ogre/giant club (13)]
  6699 | D:8      | HP: 6/90 [two-headed ogre/giant club (9)]
  6702 | D:8      | Mangled by a two-headed ogre

Vault maps used:
D:1:      tarquinn_simple_flora_water_f, serial_bayou_pond_a, minivault_25,
          minmay_hexomino_p4
D:4:      first_bread, st_stairs_8, kennysheep_generic_room_11, uniq_eustachio
D:6:      amethyst_killhole, uniq_edmund
D:8:      kennysheep_mini, the_bakery

Skill      XL: |  1  2  3  4  5  6  7  8  9 |
---------------+----------------------------+-----
Axes           | 4 5 6 7 9 11 | 11.4
Fighting       | 4 5 7 8 |  8.5
Armour         | 3 4 5 6 8 |  8.1
Dodging        | 3 4 5 6 7 |  7.4

Action                   |  1- 3 |  4- 6 |  7- 9 | 10-12 || total
-------------------------+-------+-------+-------+-------++-------
Melee: Hand axe          |    95 |   114 |   234 |       ||   443
       Headbutt          |     4 |    18 |    62 |     1 ||    85
       War axe           |       |       |    22 |     5 ||    27
Invok: Berserk           |     1 |     1 |     6 |       ||     8
       Trog's Hand       |       |     1 |       |       ||     1
Evoke: Wand              |       |       |       |     1 ||     1
  Use: Scroll            |     7 |     3 |     8 |       ||    18
       Potion            |       |       |       |     1 ||     1
  Eat: Chunk             |     3 |     6 |     8 |       ||    17
       Beef jerky        |       |       |     2 |       ||     2
       Bread ration      |       |       |     2 |       ||     2
       Pizza             |       |       |     1 |       ||     1
Armor: Ring mail         |    24 |       |       |       ||    24
       Scale mail        |    14 |     6 |       |       ||    20
       Plate armour      |       |    90 |   108 |     3 ||   201
Dodge: Dodged            |    69 |    61 |    83 |     1 ||   214

Vault maps used:
D:1:      tarquinn_simple_flora_water_f, serial_bayou_pond_a, minivault_25,
          minmay_hexomino_p4
D:4:      first_bread, st_stairs_8, kennysheep_generic_room_11, uniq_eustachio
D:6:      amethyst_killhole, uniq_edmund
D:8:      kennysheep_mini, the_bakery

Table legend:
 A = Turns spent in this place as a percentage of turns spent in the entire game.
 B = Non-inter-level travel turns spent in this place as a percentage of non-inter-level travel turns spent in the entire game.
 C = Inter-level travel turns spent in this place as a percentage of turns spent in this place.
 D = Turns resting spent in this place as a percentage of non-inter-level travel turns spent in this place.
 E = Turns spent auto-exploring this place as a percentage of non-inter-level travel turns spent in this place.
 F = Non-inter-level travel turns spent in this place divided by the number of levels of this place that you've seen.
                   A       B       C       D       E      F
               +-------+-------+-------+-------+-------+----------------------
         Total | 100.0 | 100.0 |   0.6 |   3.6 |  12.9 | 169.0
       Dungeon | 100.0 | 100.0 |   0.6 |   3.6 |  12.9 | 169.0
               +-------+-------+-------+-------+-------+----------------------

Table legend:
 A = Kills in this place as a percentage of kills in entire the game.
 B = Kills by you in this place as a percentage of kills by you in the entire game.
 C = Kills by friends in this place as a percentage of kills by friends in the entire game.
 D = Other kills in this place as a percentage of other kills in the entire game.
 E = Experience gained in this place as a percentage of experience gained in the entire game.
 F = Experience gained in this place divided by the number of levels of this place that you have seen.
                   A       B       C       D       E      F
               +-------+-------+-------+-------+-------+----------------------
         Total | 100.0 | 100.0 |  -nan |  -nan | 100.0 | 715.5
       Dungeon | 100.0 | 100.0 |  -nan |  -nan | 100.0 | 715.5
               +-------+-------+-------+-------+-------+----------------------
